 Dungeon Crawl Stone Soup version 0.25.1-2-g60ff931df9 (webtiles) character file.

Game seed: 9490022328179457470

553 melloss the Covert (level 7, -7/32 HPs)
             Began as a Spriggan Enchanter on Nov 12, 2020.
             Shot with an arrow by a centaur (14 damage)
             ... on level 5 of the Dungeon.
             The game lasted 00:20:16 (5989 turns).

melloss the Covert (Spriggan Enchanter)             Turns: 5989, Time: 00:20:16

Health: -7/32      AC:  4    Str:  5    XL:     7   Next: 8%
Magic:  12/14      EV: 18    Int: 16    God:
Gold:   208        SH:  0    Dex: 18    Spells: 11/14 levels left

rFire    . . .     SeeInvis +   a - +1 dagger
rCold    + . .     Gourm    .   (shield restricted)
rNeg     . . .     Faith    .   b - +2 robe
rPois    .         Spirit   .   (helmet restricted)
rElec    .         Reflect  .   (no cloak)
rCorr    .         Harm     .   (gloves unavailable)
MR       +....                  (boots unavailable)
Stlth    +++++.....             (no amulet)
HPRegen  0.10/turn              j - ring of stealth
MPRegen  0.14/turn              h - ring of protection from cold

@: very quick
A: very small, unfitting armour, see invisible, herbivore, speed 3, slow
metabolism 2
a: no special abilities


You were on level 5 of the Dungeon.
You were not hungry.

You visited 1 branch of the dungeon, and saw 5 of its levels.

You collected 208 gold pieces.

Inventory:

Hand Weapons
 a - a +1 dagger (weapon)
 m - a +0 rapier
Armour
 b - a +2 robe (worn)
 o - a scarf of invisibility
Jewellery
 h - a ring of protection from cold (right hand)
 j - a ring of stealth (left hand)
Scrolls
 f - a scroll of random uselessness
 g - a scroll of teleportation
 k - a scroll of noise
 p - a scroll of remove curse {unknown}
 r - a scroll of magic mapping {unknown}
 t - a scroll of immolation {unknown}
 u - a scroll of amnesia {unknown}
Potions
 c - a potion of heal wounds {unknown}
 i - 2 potions of might
 n - a potion of flight {unknown}
 s - a potion of brilliance {unknown}
Comestibles
 d - 4 rations


   Skills:
 - Level 5.0 Short Blades
 - Level 3.0 Dodging
 - Level 8.0 Stealth
 - Level 4.0 Spellcasting
 + Level 5.5 Hexes


You had 11 spell levels left.
You knew the following spells:

 Your Spells              Type           Power        Failure   Level  Hunger
a - Corona                Hex            ###....      1%          1    None
b - Ensorcelled Hibernat  Hex/Ice        ##....       9%          2    ##.....

Your spell library contained the following spells:

 Spells                   Type           Power        Failure   Level  Hunger
 Confusing Touch          Hex            ###.....     5%          3    ###....
 Tukima's Dance           Hex            ###.....     5%          3    ###....
 Dazzling Flash           Conj/Hex       ##....       16%         3    ###....


Dungeon Overview and Level Annotations

Branches:
Dungeon (5/15)
 Temple: D:4-7

Altars:
Xom


Innate Abilities, Weirdness & Mutations

You are very small and have problems with some larger weapons.
You are too small for most types of armour.
You have supernaturally acute eyesight. (SInv)
You are a herbivore.
You cover ground extremely quickly.
You need to consume almost no food.


Message History

Confirm with . or Enter, or press ? or * to list all spells.
Aiming: Ensorcelled Hibernation (safe; 9% risk of failure)
Press: ? - help, Shift-Dir - straight line, f - orc
Aim: an orc, wielding a +0 dagger (moderately wounded, chance to defeat MR: 60%)
The orc looks drowsy...
The adder hisses angrily.
The centaur wields a +0 shortbow.
The centaur shoots an arrow.
The arrow hits you!
The centaur shoots an arrow.
The arrow barely misses you.
The helpless orc fails to defend itself.
You skewer the orc like a kebab!!!
You kill the orc!
The centaur shoots an arrow.
The arrow hits you!
* * * LOW HITPOINT WARNING * * *
You see here an arrow.
Found a stone staircase leading down.
The centaur shoots an arrow.
The arrow hits you.
* * * LOW HITPOINT WARNING * * *
You see here an arrow.
The centaur shoots an arrow.
The arrow hits you!
You die...

<.......#.####.....#
.............%....#
..................#
.............<....#
#...........#...#
#..S((.........!#
#..#........#..##
#......(...##..#
...##....@..# .# ?..
#..........## ...
.........c...# ..
....###........#
.... #..##..#.# ....
.... .>..# .. .#..
#### ..#.!


You could see a centaur and an adder.

Vanquished Creatures
  Menkaure (D:4)
  An ogre (D:4)
  A hound (D:4)
  An orc wizard (D:3)
  2 orc priests (D:3)
  A centaur skeleton (D:3)
  2 iguanas
  A hound skeleton (D:4)
  5 adders
  4 dart slugs
  3 leopard geckos
  11 orcs
  8 bats
  3 giant cockroaches
  9 goblins
  9 hobgoblins
  A jackal (D:4)
  3 ball pythons
  3 frilled lizards
  6 kobolds
  8 rats
83 creatures vanquished.

Notes
Turn   | Place    | Note
-------+----------+-------------------------------------------
     0 | D:1      | melloss the Spriggan Enchanter began the quest for the Orb.
     0 | D:1      | Reached XP level 1. HP: 9/9 MP: 5/5
   817 | D:1      | Reached XP level 2. HP: 13/13 MP: 6/6
   824 | D:1      | Reached skill level 5 in Stealth
  1513 | D:1      | Reached XP level 3. HP: 16/16 MP: 8/8
  2401 | D:2      | Reached skill level 6 in Stealth
  2431 | D:2      | Learned a level 2 spell: Ensorcelled Hibernation
  2482 | D:2      | Found a shimmering altar of Xom.
  2827 | D:3      | Reached XP level 4. HP: 17/21 MP: 9/9
  3652 | D:2      | Reached skill level 7 in Stealth
  3657 | D:2      | Reached XP level 5. HP: 9/24 MP: 1/10
  4515 | D:3      | Reached skill level 8 in Stealth
  4726 | D:3      | Reached XP level 6. HP: 28/28 MP: 11/11
  4837 | D:4      | Reached skill level 5 in Short Blades
  4955 | D:4      | Noticed Menkaure
  5547 | D:5      | Entered Level 5 of the Dungeon
  5595 | D:4      | Killed Menkaure
  5595 | D:4      | Reached skill level 5 in Hexes
  5595 | D:4      | Reached XP level 7. HP: 4/32 MP: 11/14
  5989 | D:5      | Shot with an arrow by a centaur

Illustrated notes

Levels and vault maps discovered:
D:1:      moated_graveyard_arrival, layout_basic
D:2:      layout_loops_ring, marbit_many_paths
D:3:      layout_rooms, serial_glass, glass_columns_b, glass_columns_c,
          glass_columns_b
D:4:      layout_rooms, abandoned_shop, hangedman_feature_mirror, uniq_menkaure
D:5:      layout_cave_pools, serial_shops, nicolae_shop_behind_doors,
          first_ration, chequers_mini_garden

Skill      XL: |  1  2  3  4  5  6 |
---------------+-------------------+-----
Stealth        | 5 6 7 8 |  8.0
Short Blades   | 2 3 4 5 |  5.0
Spellcasting   | 4 |  4.0
Hexes          | 5 |  5.5
Dodging        | |  3.0

Action                   |  1- 3 |  4- 6 |  7- 9 || total
-------------------------+-------+-------+-------++-------
Melee: Dagger            |   177 |   158 |     2 ||   337
 Cast: Ensorcelled Hiber |       |    31 |     1 ||    32
Evoke: Wand              |       |     4 |       ||     4
  Use: Potion            |     3 |     5 |       ||     8
       Scroll            |       |    10 |       ||    10
 Stab: Sleeping          |    11 |    31 |     1 ||    43
  Eat: Ration            |       |     3 |       ||     3
Armor: Robe              |     9 |    10 |       ||    19
Dodge: Dodged            |   138 |   102 |     2 ||   242
